 Dungeon Crawl Stone Soup version 0.31-a0-1300-gb6740aa4e6 (webtiles) character file.

Game seed: 10371238704962093303

4132 LeprechaunX the Mimic (level 10, 0/69 HPs)
             Began as an Octopode Shapeshifter on Dec 18, 2023.
             Was an Initiate of Ashenzari.
             Slain by an acid dragon (3 damage)
             ... on level 8 of the Dungeon.
             The game lasted 00:11:28 (5491 turns).

LeprechaunX the Mimic (Octopode Shapeshifter)       Turns: 5491, Time: 00:11:28

Health: 0/69       AC: -3    Str: 17 (18) XL:     10   Next: 27%
Magic:  10/10      EV: 13    Int: 10 (12) God:    Ashenzari [......]
Gold:   489        SH:  5    Dex: 15 (18) Spells: 9/9 levels left

rFire   . .          .
                       - Unarmed
rCold   . . .        e - +0 buckler
rNeg    + . .        (helmet currently unavailable)
rPois   +            i - amulet of regeneration
rElec   .            m - ring of see invisible
rCorr   .            o - ring of Ashenzari's Anxiety {Dex+6, Cun, Self} (curse)
SInv    +            s - ring of poison resistance
Will    .....        w - ring of positive energy
Stlth   ++           (no ring)
HPRegen 1.11/turn    (no ring)
MPRegen 0.12/turn    (no ring)
                     (no ring)

%: no passive effects
@: beast-form, corroded
A: beast (slay +4), almost no armour, amphibious, 8 rings, camouflage 1,
gelatinous body 1, (nimble swimmer 1), tentacles
a: Begin Untransformation, Renounce Religion, Curse Item, Shatter the Chains


You were on level 8 of the Dungeon.
You worshipped Ashenzari.
Ashenzari was noncommittal.
You were a hulking beast.
You visited 2 branches of the dungeon, and saw 9 of its levels.
You also visited: Ossuary.

You collected 489 gold pieces.

Inventory:

Hand Weapons
 a - a +0 sling
Missiles
 y - 3 datura-tipped darts (quivered)
Armour
 e - a +0 buckler (worn)
Jewellery
 i - an amulet of regeneration (around mantle)
 m - a ring of see invisible (left tentacle)
 o - the cursed ring of Ashenzari's Anxiety (right tentacle) {Dex+6, Cun, Self}
   (You found it on level 2 of the Dungeon)

   [ring of dexterity]

   Dex+6:     It affects your dexterity (+6).
   It has a curse which improves the following skills: Cunning: Dodging and
   Stealth.
   Introspection: Fighting and Spellcasting.
 s - a ring of poison resistance (on tentacle)
 w - a ring of positive energy (on tentacle)
Talismans
 b - a beast talisman
 c - a flux talisman
 x - a dragon-blood talisman
Wands
 p - a wand of roots (14)
 v - a wand of digging (7)
Scrolls
 f - 4 scrolls of blinking {unknown}
 g - 5 scrolls of fog {unknown}
 k - 2 scrolls of revelation {unknown}
 l - 3 scrolls of noise {unknown}
 n - 3 scrolls of poison {unknown}
 u - 6 scrolls of identify {unknown}
 z - a scroll of fear {unknown}
 A - a scroll of vulnerability {unknown}
 B - 2 scrolls of enchant armour {unknown}
 C - 3 scrolls of teleportation {unknown}
 D - a scroll of silence {unknown}
 E - a scroll of amnesia {unknown}
 H - a scroll of immolation {unknown}
Potions
 d - 3 potions of curing
 h - 4 potions of degeneration
 j - 3 potions of heal wounds {unknown}
 q - 5 potions of haste {unknown}
 r - 2 potions of resistance {unknown}
 t - 2 potions of attraction {unknown}
 F - a potion of might {unknown}
 G - a potion of brilliance {unknown}


   Skills:
 + Level 6.2(6.6) Fighting
 - Level 3.0 Throwing
 - Level 2.0(2.3) Dodging
 - Level 5.0 Shields
 - Level 6.0 Unarmed Combat
 + Level 6.2 Evocations
 * Level 8.6 Shapeshifting


You had 9 spell levels left.
You didn't know any spells.
Your spell library contained the following spells:

 Spells                   Type           Power      Damage    Failure   Level
 Sandblast                Erth           0%         2d4       43%         1
 Lesser Beckoning         Tloc           0%         N/A       58%         2
 Passwall                 Tmut/Erth      0%         N/A       58%         2
 Gell's Gravitas          Tloc           0%         N/A       82%         3
 Ignite Poison            Fire/Tmut/Pois 0%         N/A       82%         3
 Stone Arrow              Conj/Erth      0%         3d7       82%         3
 Teleport Other           Tloc           0%         N/A       82%         3
 Brom's Barrelling Bould  Conj/Erth      0%         2d3       99%         4
 Sticky Flame             Conj/Fire      0%         2d3       99%         4
 Ignition                 Fire           0%         3d3       100%        8


Dungeon Overview and Level Annotations

Branches:
Dungeon (8/15)             Temple (1/1) D:6            Lair (0/5) D:8
Ossuary (visited)

Altars:
Ashenzari
Dithmenos
Elyvilon
Fedhas
Gozag
Hepliaklqana
Kikubaaqudgha
Nemelex Xobeh
Okawaru
Qazlal
Sif Muna
Trog
Vehumet
Wu Jian
Xom
Yredelemnul
Zin
The Shining One

Shops:
D:4 !   D:5 [


Innate Abilities, Weirdness & Mutations

You are a hulking beast.
Your limbs bulge with bestial killing power. (Slay +4)
You cannot wear most types of armour.
You are amphibious.
You can wear up to eight rings at the same time.
Your skin changes colour to match your surroundings (Stealth+).
Your rubbery body absorbs attacks. (AC +1, EV +1)
((You are camouflaged when in or above water. (Stealth+)))
You have tentacles for arms and can constrict up to eight enemies at once.


Message History

Unknown command.
Things that are here:
3 stones; a rat corpse
There is a stone staircase leading down here.
You climb downwards.
Found a stone staircase leading down and a staircase to the Lair.
There is a stone staircase leading up here.
There is a staircase to the Lair here.
An acid dragon comes into view.
An acid dragon is nearby!
Found a scroll labelled KUGRIKUFEY.
The acid dragon closely misses you. You block the acid dragon's attack.
You closely miss the acid dragon. The acid dragon spits acid at you.
The splash of acid hits you!!!
Ouch! That really hurt!
The acid corrodes you!
You tentacle-slap the acid dragon but do no damage.
You barely miss the acid dragon. Your squeeze misses the acid dragon.
The acid dragon bites you! The acid dragon barely misses you.
Unknown command.
You tentacle-slap the acid dragon.
The acid dragon is lightly wounded.
You block the acid dragon's attack. The acid dragon closely misses you.
You tentacle-slap the acid dragon but do no damage.
Your squeeze misses the acid dragon.
The acid dragon is lightly wounded.
The acid dragon bites you!
* * * LOW HITPOINT WARNING * * *
The acid dragon claws you.
* * * LOW HITPOINT WARNING * * *
It was a potion of curing.
You feel better. The acid dragon spits acid at you.
The splash of acid hits you!!
* * * LOW HITPOINT WARNING * * *
It was a potion of degeneration.
There was something very wrong with that liquid.
You feel weakened.
You feel dopey.
You feel clumsy. The acid dragon closely misses you. The acid dragon claws you.
You die...

##############
####.....##.....##
#............hD..#
##....................
#.>................##.
##.................#
##.....>..........#
#................#
#...............?.#
##<...............#
#........


You could see an acid dragon (catching breath).

Vanquished Creatures
  Maggie (D:7)
  A steam dragon (D:7)
  3 water moccasins
  4 black bears
  6 ice beasts
  3 ogres (D:6)
  2 centaurs
  A phantom (D:5)
  7 scorpions
  A gnoll sergeant (D:6)
  6 wights
  5 water moccasin zombies (Ossuary)
  A jelly (D:5)
  5 hounds
  3 orc priests
  4 sleepcaps (D:6)
  A spectral scorpion (Ossuary)
  An iguana (D:6)
  3 orc wizards
  2 crocodile zombies (Ossuary)
  2 mummies (Ossuary)
  5 gnolls (D:6)
  7 adders
  10 river rats (D:7)
  2 shadow imps (D:6)
  3 white imps
  3 ufetubi (D:6)
  5 adder zombies (Ossuary)
  3 worms (D:2)
  2 dart slugs (D:2)
  15 orcs
  9 ball pythons
  3 endoplasms
  3 giant cockroaches
  5 goblins
  8 hobgoblins
  3 jackals (D:3)
  6 kobolds
  7 quokkas
  4 bats
  A frilled lizard (D:1)
  8 hobgoblin zombies (Ossuary)
  3 kobold zombies (Ossuary)
  7 orc zombies (Ossuary)
  17 rats
201 creatures vanquished.

Notes
Turn   | Place    | Note
-------+----------+-------------------------------------------
     0 | D:1      | LeprechaunX the Octopode Shapeshifter began the quest for
                  | the Orb.
     0 | D:1      | Reached XP level 1. HP: 13/13 MP: 1/1
   217 | D:1      | Reached XP level 2. HP: 17/18 MP: 2/2
   636 | D:1      | Reached XP level 3. HP: 23/23 MP: 3/3
   706 | D:2      | Reached skill level 1 in Shields
   790 | D:2      | Found a faded altar of an unknown god.
  1102 | D:2      | Reached XP level 4. HP: 21/29 MP: 4/4
  1731 | D:4      | Noticed a black bear
  1741 | D:4      | Reached skill level 1 in Evocations
  1744 | D:4      | Reached XP level 5. HP: 34/34 MP: 5/5
  1752 | D:4      | Killed a black bear
  1753 | D:4      | Reached skill level 4 in Shapeshifting
  1773 | D:4      | Found Daepses's Distillery.
  1799 | D:4      | Reached XP level 6. HP: 39/41 MP: 6/6
  2220 | D:5      | Entered Level 5 of the Dungeon
  2232 | D:5      | Reached XP level 7. HP: 18/46 MP: 7/7
  2278 | D:5      | Reached skill level 5 in Shapeshifting
  2312 | D:5      | Found a basalt altar of Yredelemnul.
  2401 | D:5      | Found Qiwes's Armour Shop.
  2407 | D:5      | Reached XP level 8. HP: 51/53 MP: 8/8
  2908 | D:6      | Reached skill level 1 in Throwing
  2931 | D:6      | Reached skill level 6 in Shapeshifting
  2974 | D:6      | Reached skill level 5 in Unarmed Combat
  3162 | D:6      | Found a staircase to the Ecumenical Temple.
  3175 | Temple   | Entered the Ecumenical Temple
  3214 | Temple   | Became a worshipper of Ashenzari the Shackled
  3274 | D:6      | Found a shadowy altar of Dithmenos.
  3341 | D:6      | Reached XP level 9. HP: 16/59 MP: 9/9
  3471 | D:6      | Identified the +0 chain mail of Puipuops {Str+3 Int+3
                  | Dex+2}
  3509 | D:6      | Found a radiant altar of Vehumet.
  3981 | D:6      | Reached skill level 7 in Shapeshifting
  4223 | D:6      | Reached skill level 5 in Fighting
  4360 | D:5      | Reached skill level 5 in Evocations
  4572 | D:7      | Found a sand-covered staircase.
  4578 | Ossuary  | Entered an ossuary
  4625 | Ossuary  | Reached skill level 5 in Shields
  4842 | D:7      | Noticed Maggie
  4856 | D:7      | Killed Maggie
  4857 | D:7      | Reached skill level 8 in Shapeshifting
  4857 | D:7      | Reached XP level 10. HP: 47/68 MP: 10/10
  5466 | D:8      | Found a staircase to the Lair.
  5490 | D:8      | HP: 2/69 [acid dragon/splash of acid (18)]
  5491 | D:8      | Slain by an acid dragon

Illustrated notes

Levels and vault maps discovered:
D:1:      tarquinn_simple_flora_water_a, layout_loops_ring
D:2:      layout_basic, ebering_ecumenical_altar_hall, minmay_pentomino_o2
D:3:      layout_rooms
D:4:      layout_rooms, serial_shops, shop
D:5:      layout_rooms, mainiacjoe_overflow_catwalk, serial_shops,
          nicolae_inconvenience_store
D:6:      minmay_chambers_of_threes, layout_loops_corners,
          grunt_dithmenos_smoke_and_mirrors, nicolae_vehumet_radiance,
          minmay_temple_entry_mini_moons, nicolae_fountain_basement
D:7:      layout_cave_pools, nicolae_ossuary_entry_false_entrances,
          dk_rats_in_the_wall, uniq_maggie
D:8:      layout_rooms, nicolae_ru_the_path_less_chosen,
          nicolae_uskayaw_dance_hall, makhleb_altar_promises_db,
          lair_entry_dummy
Temple:   regret_index_temple_generic_petals

Skill      XL: |  1  2  3  4  5  6  7  8  9 10 |
---------------+-------------------------------+-----
Shields        | 1 2 3 4 5 |  5.0
Fighting       | 2 3 4 5 6 |  6.2
Evocations     | 1 2 3 4 5 6 |  6.2
Shapeshifting  | 4 5 6 8 |  8.6
Unarmed Combat | 4 5 6 |  6.0
Throwing       | 2 3 |  3.0
Dodging        | |  2.0

Action                     |  1- 3 |  4- 6 |  7- 9 | 10-12 || total
---------------------------+-------+-------+-------+-------++-------
  Melee: Unarmed           |    69 |    89 |   246 |    76 ||   480
         Constrict         |    18 |    24 |    56 |    23 ||   121
         Tentacles         |    12 |    22 |    64 |    14 ||   112
         Punch             |     3 |     1 |    16 |     7 ||    27
   Fire: Sling             |       |     3 |    24 |     5 ||    32
  Throw: Dart              |       |       |     3 |       ||     3
 Invoke: Curse Item        |       |       |     1 |       ||     1
  Evoke: Wand              |       |       |       |     1 ||     1
    Use: Potion            |       |       |     1 |     2 ||     3
   Stab: Sleeping          |     6 |     7 |     1 |       ||    14
 Armour: Skin              |    24 |    41 |   149 |    28 ||   242
  Dodge: Dodged            |    31 |    48 |   137 |    26 ||   242
  Block: Buckler           |     6 |    11 |    84 |    11 ||   112

Table legend: (Time is in decaauts)
 A = Elapsed time spent in this place.
 B = Non-inter-level travel time spent in this place.
 C = Inter-level travel time spent in this place.
 D = Time resting spent in this place.
 E = Time spent auto-exploring this place.
 F = Levels seen in this place.
 G = Mean time per level.
                   A        B        C        D        E       F      G
               +--------+--------+--------+--------+--------+-----+--------+
         Total |   5464 |   5025 |    439 |    347 |   3403 |  10 |  546.4 |
       Dungeon |   5159 |   4794 |    365 |    347 |   3303 |   8 |  644.9 |
        Temple |     76 |      2 |     74 |      0 |      0 |   1 |   76.0 |
       Ossuary |    228 |    228 |      0 |      0 |    100 |   1 |  228.0 |
               +--------+--------+--------+--------+--------+-----+--------+

Top non-repeatable levels by time:
     D:6: 1502 daAuts
     D:7: 719 daAuts
     D:5: 698 daAuts
     D:1: 690 daAuts
     D:2: 670 daAuts
     D:4: 486 daAuts
     D:3: 367 daAuts
 Ossuary: 228 daAuts
  Temple: 76 daAuts
     D:8: 24 daAuts
